Map: Abyssal Reef LE

Players

Avokado

  • Race: Terran Terran
  • Spawn Location: 11:00

SortOf - Winner!

  • Race: Zerg Zerg
  • Spawn Location: 5:00

Event: WCS Jonkoping 2017

VOD

Have the link to the VOD?

Description

Time

  • Played on: June 17, 2017, 10:24 a.m.
  • Length: 18:29

All games in this series

Show
View Real Time Build Order
Export as new Build Order

Avokado Terran 

Build Orders: MMM Bio 

Get SALT Encoding   

  12  0:00  SCV  
  13  0:12  SCV  
  14  0:17  Supply Depot  
  14  0:24  SCV  
  15  0:28  Refinery  
  15  0:39  SCV  
  16  0:45  Barracks  
  16  0:51  SCV  
  17  1:06  SCV, Barracks  
  18  1:18  SCV  
  19  1:32  Orbital Command  
  19  1:33  Reaper  
  19  1:38  Barracks  
  20  1:54  Reaper  
  20  1:55  Supply Depot  
  20  1:58  SCV  
  22  2:03  Refinery  
  22  2:05  Reaper  
  23  2:17  SCV  
  24  2:26  Reaper  
  24  2:27  Reaper  
  24  2:29  SCV  
  27  2:41  SCV  
  28  2:46  Supply Depot  
  28  2:50  Reaper  
  28  2:53  SCV  
  29  2:59  Reaper  
  29  3:00  Reaper  
  31  3:07  SCV  
  32  3:13  Command Center  
  32  3:19  SCV  
  33  3:22  Reaper  
  33  3:23  Supply Depot  
  34  3:31  Reaper  
  34  3:32  Reaper  
  36  3:34  SCV  
  37  3:46  SCV  
  38  3:50  Barracks  
  38  3:51  Barracks  
  38  3:54  Reaper  
  39  3:58  SCV  
  40  4:03  Reaper  
  40  4:05  Reaper  
  42  4:10  SCV  
  43  4:23  SCV  
  44  4:24  Orbital Command  
  44  4:26  Reaper  
  44  4:27  Refinery x2  
  45  4:35  SCV, Reaper  
  45  4:37  Reaper  
  48  4:43  Reaper  
  48  4:46  Supply Depot  
  48  4:48  Engineering Bay  
  48  4:50  SCV  
  50  4:52  SCV  
  52  5:02  SCV  
  52  5:05  SCV  
  56  5:14  SCV, Terran Infantry Weapons Level 1  
  56  5:17  SCV  
  59  5:22  Barracks Tech Lab  
  59  5:23  Barracks Tech Lab  
  59  5:26  SCV  
  55  5:29  SCV  
  55  5:30  Barracks Reactor, Supply Depot  
  55  5:33  Barracks Reactor  
  55  5:35  Barracks Reactor  
  56  5:39  SCV  
  56  5:41  SCV  
  55  5:53  Command Center  
  55  5:54  Marine x2  
  55  5:56  SCV x2  
  59  5:58  Stimpack  
  59  6:01  Combat Shields  
  59  6:08  SCV x2  
  60  6:12  Marine x2  
  60  6:20  Factory, SCV x2  
  60  6:24  Marine x2  
  64  6:26  Marine x2  
  64  6:28  Marine  
  64  6:30  Marine  
  64  6:31  Marauder, Marine  
  64  6:32  SCV x2  
  73  6:42  Marine x2, Supply Depot  
  73  6:43  Marine, Supply Depot  
  73  6:44  Marine, SCV  
  78  6:54  Supply Depot  
  78  6:56  SCV  
  78  6:58  Marine  
  78  7:02  Supply Depot  
  78  7:03  Marine x3, SCV  
  78  7:04  Factory Reactor  
  83  7:08  Terran Infantry Armor Level 1, SCV, Starport  
  83  7:11  Marine x2  
  85  7:15  SCV  
  85  7:16  Orbital Command  
  85  7:20  Marine x2, SCV  
  89  7:24  Marauder  
  89  7:25  Marine  
  89  7:28  SCV  
  92  7:32  Marine  
  92  7:33  Marine x2  
  92  7:35  SCV  
  96  7:40  SCV  
  96  7:42  Marine x2  
  99  7:46  SCV  
  99  7:47  SCV  
  99  7:49  Engineering Bay  
  101  7:52  SCV  
  101  7:53  Factory Tech Lab, Medivac x2, Armory  
  101  7:54  Marauder, Marine x2  
  101  7:58  Marauder, SCV  
  112  7:59  Marine x2, SCV  
  112  8:05  Supply Depot  
  116  8:06  Marine, Supply Depot  
  116  8:12  Siege Tank, Marine x2  
  121  8:14  SCV x2  
  122  8:21  Marine x3  
  122  8:24  Concussive Shells  
  122  8:26  Medivac  
  130  8:27  Marauder x2  
  130  8:28  Refinery  
  130  8:34  Medivac  
  130  8:36  Marine  
  130  8:39  Barracks x2  
  130  8:40  Barracks  
  130  8:41  Marine x3  
  133  8:42  Marine  
  133  8:46  SCV x2  
  141  8:48  Marauder  
  141  8:52  Supply Depot  
  141  8:54  Supply Depot  
  141  8:55  Terran Infantry Weapons Level 2  
  141  8:59  Supply Depot  
  141  9:00  Terran Vehicle Weapons Level 1  
  141  9:04  Siege Tank  
  141  9:09  Marauder  
  140  9:11  Marine  
  140  9:14  Marauder, Marine x2, Medivac x2  
  140  9:15  Marine  
  150  9:19  Marine  
  150  9:20  Marine  
  150  9:21  SCV x2  
  150  9:23  SCV  
  147  9:28  Barracks Tech Lab x2  
  147  9:29  Marine  
  147  9:30  Barracks Reactor  
  147  9:31  Marauder, Marine x2  
  150  9:33  Marine  
  150  9:36  Siege Tank, Marauder  
  150  9:37  Terran Infantry Armor Level 2, Marine  
  159  9:39  Marine  
  160  9:47  Marine x3  
  160  9:49  Marine x2  
  165  9:59  Marine  
  165  10:02  Marine  
  165  10:04  Marauder x2  
  165  10:05  Marauder x2  
  165  10:06  Marine x2  
  165  10:09  Marine  
  165  10:10  Siege Tank  
  165  10:11  Medivac  
  143  10:17  Marine x4  
  143  10:20  Medivac  
  145  10:25  Marauder x2  
  145  10:26  Marauder  
  145  10:27  Marauder, Marine  
  145  10:28  Marine x2  
  152  10:31  Marine  
  153  10:40  Marine  
  153  10:41  Medivac  
  153  10:46  Marauder x2  
  153  10:47  Marine x2  
  153  10:48  Siege Tank, Marauder  
  164  10:50  Marine  
  164  10:56  Marine, Supply Depot  
  164  10:57  Marauder, Medivac, Supply Depot  
  170  10:58  Marine  
  170  11:02  Marine  
  170  11:03  Marine  
  173  11:09  Marauder  
  173  11:12  Marine x2  
  173  11:13  Marauder  
  173  11:15  Marine  
  173  11:17  Marine x2, Medivac  
  173  11:18  Marauder x2  
  173  11:21  Marine  
  155  11:27  Marine  
  155  11:30  Marauder  
  147  11:34  Marauder, Marine, Medivac  
  147  11:35  Siege Tank, Marine  
  147  11:39  Marauder  
  155  11:40  Marauder  
  155  11:42  Marine  
  138  11:47  Medivac  
  138  11:48  Marine  
  138  11:50  Marine  
  138  11:52  Marauder  
  138  11:53  Marine  
  118  11:55  Marauder, Marine x4  
  121  12:04  Medivac  
  121  12:07  Siege Tank  
  121  12:08  Marine  
  119  12:10  Marine  
  119  12:11  Marine x4  
  119  12:13  Marauder, Marine  
  121  12:17  Marauder  
  121  12:22  Marine  
  123  12:24  Marine  
  123  12:25  Medivac  
  123  12:26  Marine  
  127  12:31  Terran Infantry Weapons Level 3  
  127  12:33  Orbital Command  
  127  12:34  Medivac  
  129  12:38  Marine  
  129  12:39  Siege Tank, Marauder  
  129  12:44  Marauder, Marine  
  138  12:46  Marine  
  139  12:54  Terran Infantry Armor Level 3  
  139  12:56  Marine  
  140  13:02  Marine  
  141  13:05  Marine  
  141  13:07  Marine x2  
  141  13:09  Marauder x3  
  141  13:11  Siege Tank, Marauder  
  155  13:14  Supply Depot  
  155  13:16  Marine x2  
  156  13:21  Marine  
  156  13:22  Marine  
  156  13:26  Marine  
  156  13:27  Marine  
  150  13:30  Liberator, Marauder x3  
  157  13:35  Refinery x2  
  157  13:36  Refinery  
  157  13:38  Liberator, Marauder  
  157  13:39  Marine x2  
  161  13:42  Command Center  
  161  13:44  Siege Tank  
  167  13:51  Supply Depot  
  167  13:52  Marine  
  171  14:01  Marine  
  171  14:02  Marauder  
  174  14:12  Marauder  
  174  14:14  Marauder x2  
  174  14:16  Siege Tank  
  172  14:18  Liberator, Marine  
  172  14:23  Marauder, Marine  
  166  14:26  Marine x2  
  166  14:27  Marine  
  159  14:32  Marine  
  159  14:33  Marauder  
  159  14:35  Marine  
  159  14:36  Marauder x2, Marine  
  159  14:37  Marine  
  170  14:41  Marine  
  170  14:43  Liberator  
  170  14:44  Marauder, Marine x3  
  173  14:48  Siege Tank  
  173  14:49  Marine  
  177  14:53  Marine  
  177  14:54  Marine  
  177  14:55  Marauder  
  177  14:57  Marauder x2  
  185  15:01  Marine x3  
  185  15:02  Marine  
  185  15:06  Marauder, Marine  
  194  15:08  Liberator  
  194  15:12  Marine  
  194  15:14  Marine  
  195  15:16  Marauder  
  195  15:18  Marauder  
  195  15:19  Marauder  
  183  15:32  Marauder, Marine  
  183  15:39  Marine x2  
  183  15:40  Marauder  
  178  15:49  Liberator  
  150  15:50  Marauder x2  
  150  15:51  Liberator  
  150  15:54  Marine  
  150  15:55  Siege Tank  
  118  15:59  Marine  
  118  16:01  Marine x2  
  118  16:03  Marine  
  110  16:04  Marine  
  110  16:07  Marauder, Marine x3  
  110  16:10  Marine  
  116  16:11  Marine  
  116  16:12  Marine  
  116  16:17  Marine  
  116  16:19  Marine  
  115  16:26  Marauder  
  115  16:27  Siege Tank  
  115  16:28  Marauder, Marine  
  115  16:29  Marauder, Marine  
  115  16:30  Marauder  
  128  16:33  Marine  
  128  16:34  Marine  
  128  16:38  Marine  
  128  16:39  Marine  
  132  16:40  Marine  
  132  16:44  Marine  
  134  16:47  Marauder  
  134  16:49  Medivac  
  134  16:50  Planetary Fortress, Missile Turret  
  134  16:51  Medivac  
  142  16:54  Marauder  
  142  16:59  Siege Tank, Marauder  
  140  17:04  Marine  
  140  17:05  Marauder  
  140  17:08  Marine  
  135  17:09  Marauder, Marine  
  135  17:11  Marine  
  141  17:15  Marauder  
  141  17:18  Marine  
  141  17:19  Medivac  
  141  17:21  Medivac  
  146  17:25  Marine  
  146  17:26  Marauder, Marine  
  146  17:28  Marauder, Marine  
  149  17:31  Siege Tank  
  125  17:37  Marauder  
  125  17:41  Marauder  
  125  17:42  Marine x2  
  114  17:46  Marine  
  114  17:47  Marine  
  114  17:48  Marine x2  
  114  17:49  Marine, Medivac  
  78  17:57  Marine  
  69  17:58  Marine  
  69  18:00  Marine  
  69  18:01  Marine  
  69  18:02  Marine x2  
  69  18:03  Marine  
  69  18:04  Marine  
Show
View Real Time Build Order
Export as new Build Order

SortOf Zerg - Winner!

Build Orders: Pool First 

Get SALT Encoding   

  12  0:00  Drone  
  13  0:12  Overlord  
  13  0:17  Drone  
  14  0:31  Drone x2  
  16  0:36  Drone  
  17  0:44  Spawning Pool  
  17  0:47  Drone  
  17  0:56  Drone  
  18  1:00  Extractor  
  17  1:06  Drone  
  18  1:18  Hatchery  
  17  1:20  Drone  
  18  1:31  Queen  
  20  1:33  Zergling x2  
  21  1:40  Overlord  
  21  1:49  Drone  
  22  2:00  Zergling x2  
  23  2:06  Queen  
  25  2:17  Drone  
  25  2:21  Roach Warren  
  25  2:24  Drone  
  26  2:30  Queen, Drone  
  29  2:40  Overlord  
  28  3:00  Roach x5  
  38  3:06  Roach  
  38  3:09  Overlord  
  40  3:19  Drone x2  
  42  3:20  Drone  
  42  3:35  Ravager x2, Overlord  
  42  3:38  Drone x2  
  46  3:44  Drone  
  46  3:46  Overlord  
  47  3:49  Extractor, Drone x2  
  47  3:52  Drone  
  47  3:55  Drone x2  
  51  3:57  Drone  
  51  4:02  Drone  
  53  4:04  Ravager  
  53  4:08  Roach  
  56  4:15  Drone x2  
  56  4:16  Extractor, Drone x2  
  59  4:24  Overlord  
  59  4:25  Ravager  
  59  4:26  Drone x3  
  59  4:30  Overlord  
  63  4:36  Roach x2  
  67  4:43  Drone x2  
  69  4:49  Drone x2  
  71  4:58  Overlord  
  72  5:00  Drone  
  72  5:02  Evolution Chamber, Metabolic Boost  
  72  5:03  Evolution Chamber  
  72  5:04  Roach  
  72  5:14  Hatchery  
  72  5:18  Roach x2  
  75  5:21  Ravager  
  75  5:22  Ravager  
  75  5:26  Roach x2  
  81  5:34  Hatchery, Overlord  
  81  5:38  Roach x2  
  81  5:40  Overlord  
  83  5:43  Overlord  
  83  5:49  Hatchery  
  83  5:55  Drone x2  
  83  5:56  Drone  
  84  5:58  Zerg Ground Armor Level 1  
  84  6:01  Overlord  
  84  6:05  Zerg Melee Weapons Level 1  
  84  6:06  Zergling x4  
  84  6:18  Baneling Nest  
  83  6:21  Zergling x2  
  83  6:22  Zergling x14  
  91  6:27  Lair  
  90  6:37  Overlord  
  90  6:38  Queen  
  93  6:40  Drone x2  
  93  6:41  Drone  
  95  6:47  Drone x2  
  95  6:50  Drone x3  
  100  7:01  Drone x4  
  104  7:11  Baneling x4  
  104  7:12  Baneling  
  104  7:13  Drone x5  
  109  7:18  Extractor  
  108  7:23  Drone  
  108  7:24  Drone  
  109  7:30  Overlord  
  109  7:34  Centrifical Hooks  
  109  7:37  Infestation Pit  
  109  7:40  Roach x9  
  109  7:43  Overlord  
  122  7:48  Drone  
  122  7:50  Extractor  
  122  7:51  Queen  
  122  7:54  Zergling x12  
  130  8:01  Zerg Ground Armor Level 2  
  130  8:11  Zergling x12  
  134  8:24  Hive  
  134  8:26  Burrow  
  133  8:27  Drone x2  
  133  8:28  Drone  
  133  8:29  Extractor  
  133  8:34  Zerg Melee Weapons Level 2  
  135  8:35  Drone  
  135  8:37  Spore Crawler, Hatchery  
  135  8:40  Zergling x18  
  143  8:44  Overseer  
  143  8:48  Overlord  
  143  8:49  Overlord  
  143  8:55  Infestor  
  145  8:56  Zergling x2  
  145  8:57  Zergling x10  
  145  9:00  Baneling x4  
  145  9:01  Baneling  
  142  9:10  Zergling x2  
  142  9:11  Zergling x8  
  142  9:13  Baneling x7  
  143  9:19  Zergling x8  
  143  9:20  Zergling x2  
  144  9:26  Baneling x5  
  144  9:27  Ravager  
  144  9:33  Glial Reconstitution  
  144  9:34  Drone x2  
  146  9:42  Drone x2, Overlord  
  146  9:43  Extractor  
  146  9:44  Infestor  
  149  9:45  Extractor  
  149  9:52  Zergling x16  
  145  10:11  Zergling x14  
  145  10:12  Zergling x12  
  145  10:13  Baneling  
  142  10:21  Zergling x2  
  142  10:25  Ultralisk Cavern  
  137  10:30  Infestor x2  
  137  10:31  Zergling x2  
  137  10:32  Zergling x6  
  141  10:43  Zergling x16  
  141  10:46  Zerg Ground Armor Level 3  
  141  10:49  Baneling x3  
  149  10:51  Drone x3  
  149  10:53  Drone x2  
  149  10:54  Drone x2  
  156  11:13  Zergling x10  
  156  11:14  Zergling x4  
  150  11:20  Zergling x2  
  150  11:21  Zergling x12  
  150  11:23  Chitinous Plating  
  149  11:26  Baneling  
  149  11:27  Baneling x4  
  149  11:28  Ultralisk x2, Zergling x2  
  149  11:29  Zergling x4  
  156  11:36  Zergling x4, Drone  
  153  11:46  Zergling x16  
  137  11:57  Adrenal Glands  
  137  11:58  Zerg Melee Weapons Level 3  
  137  12:00  Ultralisk, Zergling x2  
  137  12:01  Zergling x2  
  138  12:09  Ultralisk  
  138  12:10  Zergling x2  
  138  12:13  Baneling x2, Drone  
  138  12:14  Extractor  
  144  12:16  Infestor  
  144  12:18  Drone  
  146  12:25  Drone x2  
  148  12:31  Baneling x2  
  148  12:37  Drone x4  
  148  12:38  Drone x2  
  154  12:51  Queen  
  154  12:54  Ultralisk, Zergling x4  
  154  12:55  Hatchery, Overlord  
  154  12:56  Overlord  
  159  13:17  Spore Crawler  
  158  13:23  Zergling x20  
  167  13:29  Roach x3  
  167  13:32  Baneling x2  
  167  13:33  Baneling x3  
  167  13:34  Hatchery  
  172  13:37  Overseer  
  172  13:42  Zergling x2  
  172  13:43  Zergling x14  
  179  13:56  Roach x2  
  179  13:57  Overlord  
  183  14:07  Roach x2  
  169  14:20  Ultralisk x3  
  178  14:28  Infestor  
  178  14:29  Infestor x3  
  177  14:44  Spore Crawler  
  177  14:45  Spire, Drone, Zerg Missile Weapons Level 1  
  176  14:46  Drone x3  
  176  14:47  Drone x3  
  176  14:52  Baneling x3  
  182  14:53  Ravager x4  
  182  14:54  Ravager  
  182  14:56  Drone  
  188  15:01  Drone x2  
  188  15:07  Zergling x12  
  188  15:11  Overlord  
  194  15:15  Baneling x4  
  190  15:21  Zergling x14  
  190  15:27  Zergling x10  
  193  15:29  Pneumatized Carapace  
  111  16:05  Ultralisk x4, Zergling x10  
  136  16:14  Infestor x3  
  142  16:21  Baneling x2  
  142  16:29  Zergling x8  
  142  16:30  Zergling x12  
  152  16:39  Roach  
  158  16:40  Roach x4  
  158  16:42  Baneling x4  
  151  17:03  Zergling x26  
  151  17:04  Zergling x4  
  164  17:15  Ravager x5  
  169  17:17  Zergling x14  
  176  17:23  Spore Crawler  
  154  17:38  Ultralisk x4  
  154  17:39  Zergling x4  
  153  17:53  Drone x2  
Tags
 
Add a new tag
Caveats
  • Supply blocks, unpowered buildings, or Contaminate may cause inaccurate times.
  • Supply counts are checked every 10 seconds.